[Event "Early-Titled-Tuesday-Blitz-April-02-2024"]
[Site "Chess.com"]
[Date "2024.04.02"]
[Round "8"]
[White "visa"]
[Black "BestestBP"]
[Result "1/2-1/2"]
[WhiteElo "2355"]
[BlackElo "2210"]
[TimeControl "180+1"]
[EndTime "9:30:20 PDT"]
[Termination "Game drawn - insufficient material"]

1. Nf3 Nf6 2. b3 e6 3. Bb2 d5 4.
g3 c5 5. Bg2 Nc6 6. O-O Be7 7.
e3 O-O 8. Qe2 b6 9. Rd1 Bb7 10.
c4 Qc7 11. cxd5 exd5 12. d4 Rfe8 13. Nc3 Rad8 14. Rac1 Qb8 15. dxc5 bxc5 16. Na4 c4 17. bxc4 Ba6 18. Nd2 Na5 19. Bxf6 Bxf6 20. Nc5 Bxc4 21. Nxc4 dxc4 22. Nd7 Qb2 23. Rc2 Qb4 24. Nxf6+ gxf6 25. Rxd8 Rxd8 26. Be4 Qc5 27. Qg4+ Qg5 28. Qf3 h5 29. h4 Qe5 30. Kg2 Kg7 31. Qf4 Rd1 32. Qxe5 fxe5 33. Bf3 Rd8 34. Bxh5 e4 35. Bg4 Kf6 36. h5 Kg5 37.
Be2 Rc8 38. f3 exf3+ 39. Kxf3 f5 40. e4 fxe4+ 41. Kxe4 Re8+ 42. Kd4 Rd8+ 43. Kc5 Rc8+ 44. Kb5 Nb7 45. Bxc4 Nd6+ 46. Kb4 Rb8+ 47. Kc3 Ne4+ 48.
Kd4 Nxg3 49. Rg2 Kf4 50. h6 Nf5+ 51. Kd5 Rd8+ 52. Kc6 Rc8+ 53. Kb5 a6+ 54. Kb4 Nxh6 55. Rf2+ Ke5 56. Rh2 Nf5 57. Rh5 Kf6 58. Bd3 Ne3 59. Ka5 Rd8 60. Rh6+ Ke5 61. Rxa6 Rxd3 62. a4 Rd5+ 63.
Kb6 Nc4+ 64. Ka7 Rd7+ 65. Kb8 Nd6 66. Ra5+ Ke6 67. Ra7 Nc4 68. Rxd7 Kxd7 69. Kb7 Nd6+ 70. Kb6 Nc4+ 71. Kb5 Nd6+ 72. Ka6 Kc7 73. a5 Kc6 74. Ka7 Kb5 75. a6 Nc8+ 76. Kb7 Nd6+ 77. Ka7 Nc8+ 78. Kb7 Nd6+ 79. Kc7 Kxa6 1/2-1/2

[Event "Early-Titled-Tuesday-Blitz-April-02-2024"]
[Site "Chess.com"]
[Date "2024.04.02"]
[Round "8"]
[White "WilsonPalencia21"]
[Black "Heliosis11"]
[Result "0-1"]
[WhiteElo "2562"]
[BlackElo "2391"]
[TimeControl "180+1"]
[EndTime "9:30:31 PDT"]
[Termination "Heliosis11 won on time"]

1. d4 Nf6 2. c4 e6 3. Nf3 b6 4. g3 Ba6 5. Qc2 c5 6. d5 exd5 7. cxd5 Bb7 8. Bg2 Nxd5 9. O-O Nc6 10. Rd1 Be7 11. a3 Nf6 12. e4 Qc7 13. Bf4 d6 14. Nc3 a6 15. e5 dxe5 16. Nxe5 Qc8 17. Nxc6 Bxc6 18. Re1 Bxg2 19. Kxg2 Qb7+ 20. Kg1 O-O 21. Na4 Rfe8 22. Qf5 Bf8 23. Be5 Nd7 24. Nc3 Nxe5 25.
Rxe5 g6 26. Qf4 Bg7 27. Rxe8+ Rxe8 28. Rd1 b5 29. Nd5 Bxb2 30. Nc7 Rf8 31. Rd7 Qc6 32. Re7 Bf6 33. Nd5 Qxd5 34. Qxf6 Qd1+ 35. Kg2 Qd5+ 36. Kg1 a5 37. h4 b4 38. Re5 Qd1+ 39. Kg2 c4 40. h5 Qd8 41. Qf4 Qc7 42. Qf6 Qd8 43. Qf4 c3 44. axb4 axb4 45. Qxb4 Qd3 46. Rc5 c2 47. Qc3 Qd1 48. hxg6 hxg6 49. Qxc2 Qd6 50.
Qc4 Rd8 51. Rc6 Qd5+ 52. Qxd5 Rxd5 53. Rc7 Kg7 54. Kf3 g5 55. Ke4 Rd2 56. Ke3 Ra2 57.
Rc6 f6 58. Kf3 Kg6 59. Kg2 g4 60. Rc5 f5 61. Rc8 Re2 62. Rc6+ Kg5 63. Rc4 Rd2 64. Rc8 Rd4 65. Rg8+ Kf6 66. Kf1 Re4 67. Rc8 Re6 68. Rc7 Ra6 69. Kg2 Ra4 70. Rc6+ Ke5 71. Rc5+ Ke4 72.
Rb5 Rd4 73. Rb8 Rd5 74. Rf8 Kd3 75. f3 Ke3 76. fxg4 fxg4 77. Rf2 Rd2 78. Rxd2 Kxd2 79. Kf2 Kd3 80. Kf1 Ke3 81. Ke1 Kf3 82. Kf1 Kxg3 83. Kg1 Kf3 84. Kf1 g3 85. Kg1 g2 0-1

[Event "Early-Titled-Tuesday-Blitz-April-02-2024"]
[Site "Chess.com"]
[Date "2024.04.02"]
[Round "8"]
[White "SaiAgni_98"]
[Black "wadsy27"]
[Result "0-1"]
[WhiteElo "2518"]
[BlackElo "2623"]
[TimeControl "180+1"]
[EndTime "9:30:35 PDT"]
[Termination "wadsy27 won by checkmate"]

1. c4 Nf6 2. g3 c5 3. Bg2 e6 4.
Nf3 d5 5. b3 Nc6 6. O-O Be7 7.
e3 O-O 8. Bb2 b6 9. Nc3 dxc4 10.
bxc4 Bb7 11. Qe2 Qc7 12. d3 Rfd8 13. Ne1 a6 14. f4 Na7 15. g4 Bxg2 16. Nxg2 b5 17. g5 Ne8 18. Rad1 bxc4 19. dxc4 Rab8 20. Ne4 Rxd1 21. Rxd1 Qb7 22. Be5 Qxe4 23. Bxb8 Nc6 24. Qb2 Qxc4 25. Be5 Qa4 26. Rb1 f6 27. gxf6 gxf6 28.
Bc3 Kf7 29. Qe2 Nd6 30. Qh5+ Kg7 31. Qg5+ Kf7 32. Qh6 Qe4 33. Rd1 c4 34. Qh5+ Qg6 35.
Qf3 Nb5 36. Ba1 Nb4 37. Kh1 Nc2 38. Nh4 Qh6 39. Qg4 Nxa1 40. Rxa1 f5 41. Nxf5 exf5 42. Qxf5+ Qf6 43. Qd5+ Qe6 44. Qh5+ Kf8 45. Rd1 c3 46. Rd5 Qe4+ 47. Kg1 Qxe3+ 48. Kg2 Qe4+ 49. Kg3 Qg6+ 50. Qxg6 hxg6 51. Rd1 c2 52. Rc1 Nd4 53. Kf2 Ba3 54.
Rxc2 Nxc2 55. Kf3 Nb4 56. Kg4 Nxa2 57. Kg5 Bd6 58. Kxg6 Nc3 59. h4 Bxf4 60. h5 Kg8 61.
Kf5 Bh6 62. Ke5 Kg7 63. Kd4 Ne2+ 64. Kc4 Ng3 65. Kb4 Bd2+ 66. Ka4 a5 67. h6+ Kxh6 68. Kb5 Kg6 69. Ka4 Kf6 70. Kb5 Ke6 71. Ka4 Kd5 72.
Kb5 Ne4 73. Ka4 Kc4 74. Ka3 Kb5 75. Kb3 Nc5+ 76. Ka3 Bb4+ 77. Ka2 Kc4 78. Kb2 a4 79. Ka2 a3 80. Kb1 Bc3 81. Ka2 Kb4 82. Kb1 Kb3 83.
Kc1 a2 84. Kd1 a1=Q+ 85. Ke2 Qe1+ 86. Kf3 Kc4 87. Kg4 Kd5 88. Kf5 Qf2+ 89. Kg6 Ke6 90. Kh7 Qg3 91. Kh6 Kf6 92. Kh5 Qh3# 0-1

[Event "Early-Titled-Tuesday-Blitz-April-02-2024"]
[Site "Chess.com"]
[Date "2024.04.02"]
[Round "8"]
[White "GP9isback23"]
[Black "francyIM"]
[Result "1/2-1/2"]
[WhiteElo "2625"]
[BlackElo "2799"]
[TimeControl "180+1"]
[EndTime "9:30:36 PDT"]
[Termination "Game drawn by repetition"]

1. d4 Nf6 2. Nf3 d5 3. c4 c6 4. e3 e6 5. Be2 Nbd7 6. O-O Bd6 7. Nc3 O-O 8. b3 Qe7 9. Bb2 b6 10. cxd5 exd5 11. Rc1 Bb7 12. Qc2 Rfe8 13. Rfd1 Nf8 14.
Bd3 Ng6 15. Ne2 Rac8 16. Ng3 Qd8 17. Bf5 Rc7 18. Qb1 Bc8 19. Bxc8 Qxc8 20. Rc2 Bf8 21. Rdc1 Ne4 22. Nxe4 Rxe4 23. Rc3 Bb4 24. R3c2 f6 25. Bc3 Ba3 26. Bb2 Bb4 27. Bc3 Bd6 28. Bb2 Ne7 29. a3 a5 30. Qa2 h5 31. a4 h4 32. h3 g5 33. Nd2 Re6 34. Ba3 Qd7 35. Bxd6 Rxd6 36.
f3 Nf5 37. Nf1 Re6 38. Rc3 Qe7 39. Qd2 Kg7 40. Kf2 Qd6 41. R1c2 Ng3 42. Qc1 c5 43. dxc5 bxc5 44. Rxc5 Rce7 45. Rc6 Qe5 46. Rxe6 Rxe6 47. Rc3 d4 48. Rd3 dxe3+ 49. Rxe3 Qd4 50. Qc3 Qb6 51. Nxg3 hxg3+ 52. Ke2 Rc6 53. Qd3 Rd6 54. Qc3 Qa6+ 55. Qc4 Qa7 56. Qe4 Rd7 57. h4 Qc7 58. hxg5 fxg5 59. Qe5+ Qxe5 60. Rxe5 Kf6 61. Rxa5 Re7+ 62. Kf1 Rc7 63. Ra6+ Kf5 64. Ra5+ Kf4 65. Rd5 Rc1+ 66. Ke2 Rg1 67. Rd4+ Ke5 68. Rg4 Rxg2+ 69. Ke3 Kf5 70. a5 Rg1 71. a6 Re1+ 72. Kd2 Ra1 73. Rxg3 Rxa6 74. Rg4 Ra2+ 75. Ke3 Rb2 76. Rd4 Rxb3+ 77. Kf2 Rb5 78. Kg3 Re5 79. Rg4 Re3 80. Rc4 Kg6 81.
Rg4 Kh5 82. Rc4 Re1 83. Rg4 Rg1+ 84. Kh3 Rxg4 85. fxg4+ Kg6 86. Kg3 Kf6 87. Kf3 Ke5 88. Ke3 Kd5 89. Kd3 Ke5 90. Ke3 Kd5 91. Kd3 Ke5 92.
Ke3 1/2-1/2

[Event "Early-Titled-Tuesday-Blitz-April-02-2024"]
[Site "Chess.com"]
[Date "2024.04.02"]
[Round "8"]
[White "KarolKacprzak"]
[Black "sathvikadiga"]
[Result "1-0"]
[WhiteElo "2745"]
[BlackElo "2566"]
[TimeControl "180+1"]
[EndTime "9:30:41 PDT"]
[Termination "KarolKacprzak won by checkmate"]

1. e4 e5 2. Nf3 Nc6 3. Bb5 a6 4. Ba4 Nf6 5. O-O b5 6. Bb3 Bc5 7. a4 Rb8 8. axb5 axb5 9. Nxe5 Nxe5 10. d4 Bxd4 11. Qxd4 d6 12. f4 Nc6 13. Qc3 Ne7 14. Qd3 O-O 15. Nc3 c5 16. Nxb5 Qb6 17. c4 Bd7 18. e5 dxe5 19. fxe5 Bxb5 20. exf6 Ng6 21. fxg7 Rfe8 22. Qf5 Re7 23. cxb5 c4+ 24. Kh1 cxb3 25. Bg5 Reb7 26. Rad1 Qxb5 27. Rd5 Qc4 28. Rfd1 Re8 29. Rd8 Rb8 30. Rxb8 Rxb8 31. Bf6 Re8 32. h3 Qe2 33. Qd3 Qe6 34. Qd7 Qe2 35. Rc1 Nf4 36. Qg4 Qxg4 37.
hxg4 Nd5 38. Bd4 f6 39. Rc5 Rd8 40. Rb5 Kxg7 41. Rxb3 Kg6 42. Rf3 Re8 43. Kh2 Re4 44. Bc3 Rxg4 45. Bd2 h5 46. Be1 f5 47. Rd3 Nf4 48. Rd2 Kg5 49. b4 Ne6 50. b5 Rb4 51.
Rd5 Rb1 52. Bd2+ Kg6 53. Rd6 Kf7 54. b6 Nc5 55. Rc6 Na4 56. Be3 Nxb6 57. Rxb6 Re1 58. Bf4 Re4 59. Bg3 h4 60. Bf2 Rg4 61. Rd6 Kg7 62.
Rd4 Rg6 63. Rxh4 Kf6 64. Be3 Ke5 65. Bf4+ Kf6 66. Rh6 Rxh6+ 67. Bxh6 Ke5 68. Kg3 Ke4 69. Bf4 Kd4 70. Kf3 Kd5 71. Bc1 Ke5 72. Bd2 Kf6 73.
Kf4 Ke6 74. Bc3 Kf7 75. Kxf5 Kf8 76. g4 Kg8 77. Kg6 Kf8 78. g5 Kg8 79. Kh6 Kf8 80. Kh7 Kf7 81. g6+ Ke6 82. g7 Kd5 83. g8=Q+ Kc6 84.
Qe6+ Kc5 85. Be1 Kb5 86. Qd5+ Kb6 87. Bf2+ Kc7 88. Qe6 Kb8 89. Qd7 Ka8 90. Qa7# 1-0

[Event "Early-Titled-Tuesday-Blitz-April-02-2024"]
[Site "Chess.com"]
[Date "2024.04.02"]
[Round "8"]
[White "ploxoi"]
[Black "Barmen_EV"]
[Result "1-0"]
[WhiteElo "2471"]
[BlackElo "2570"]
[TimeControl "180+1"]
[EndTime "9:30:43 PDT"]
[Termination "ploxoi won by checkmate"]

1. d4 Nf6 2. c4 g6 3. Nc3 Bg7 4. e4 d6 5. Nf3 O-O 6. Be2 e5 7. d5 a5 8. Be3 Na6 9. Nd2 Bd7 10. a3 c6 11. O-O Qb8 12. Rb1 cxd5 13. cxd5 b5 14. b4 axb4 15. axb4 Ne8 16. Qb3 f5 17. f3 f4 18. Bf2 g5 19. Ra1 h5 20. Ra5 Nac7 21.
Rfa1 g4 22. Rxa8 Nxa8 23. Ra7 g3 24. Rxd7 gxf2+ 25. Kxf2 Qb6+ 26. Kf1 Nf6 27. Re7 Rc8 28. Bxb5 Qe3 29. Nc4 Qc1+ 30. Nd1 Nc7 31. Bc6 Kf8 32. Rxc7 Rxc7 33. b5 Nd7 34. b6 Nxb6 35. Nxb6 h4 36. Ke2 h3 37. gxh3 Ra7 38. Nc4 Ra1 39. Qd3 Rb1 40.
Qd2 Qxd2+ 41. Nxd2 Rb8 42. h4 Ke7 43. h5 Bf6 44. Nf2 Rh8 45. Ng4 Rxh5 46. Nc4 Rh8 47. Kd3 Rh3 48. Ke2 Rh8 49. Ba4 Ra8 50. Bc2 Ra2 51. Kd3 Ra1 52. Nxf6 Kxf6 53. Nxd6 Ra3+ 54. Ke2 Re3+ 55. Kf2 Ra3 56. Nc4 Ra2 57. Kf1 Rxc2 58. Nd6 Rc1+ 59. Kg2 Rc2+ 60. Kh3 Rf2 61. Kg4 Rg2+ 62.
Kh3 Rg8 63. Nf5 Kg5 64. d6 Ra8 65. Kg2 Ra2+ 66. Kg1 Ra1+ 67. Kf2 Ra2+ 68. Kg1 Ra7 69. h4+ Kf6 70. Kf2 Ra2+ 71. Kf1 Ke6 72. h5 Rh2 73.
h6 Rh3 74. Kg2 Rh5 75. Ng7+ Kxd6 76. Nxh5 Ke6 77. h7 Kd6 78. h8=Q Kc5 79. Qf6 Kd4 80. Qxe5+ Ke3 81. Qxf4+ Kd3 82. e5 Ke2 83. e6 Kd3 84.
e7 Kc2 85. e8=Q Kd1 86. Qd7+ Kc2 87. Qc4+ Kb1 88. Qdb5+ Ka1 89. Qca4# 1-0

[Event "Early-Titled-Tuesday-Blitz-April-02-2024"]
[Site "Chess.com"]
[Date "2024.04.02"]
[Round "8"]
[White "Donskov_AN"]
[Black "Orest_Vovk"]
[Result "1-0"]
[WhiteElo "2387"]
[BlackElo "2557"]
[TimeControl "180+1"]
[EndTime "9:30:45 PDT"]
[Termination "Donskov_AN won by resignation"]

1. e4 g5 2. d4 g4 3. Qxg4 d5 4. Qh4 dxe4 5. Qxe4 Nf6 6. Qd3 Nc6 7. c3 Qd5 8. Nf3 Bg4 9. Be2 O-O-O 10. h3 Bh5 11. Qb5 Bxf3 12. gxf3 e5 13. Qxd5 Nxd5 14. dxe5 Nxe5 15.
Be3 Nxe3 16. fxe3 Bc5 17. Kf2 Nd3+ 18. Bxd3 Rxd3 19. Re1 Re8 20. b4 Rdxe3 21. Rxe3 Bxe3+ 22. Kg2 Bc1 23. a4 Re2+ 24. Kg3 Rc2 25. Na3 Bxa3 26. Rxa3 Kd7 27. Kg4 Ke6 28. h4 Kf6 29. b5 Kg6 30. h5+ Kf6 31. Rb3 h6 32. Kf4 Ke6 33. a5 b6 34. a6 f5 35. Ke3 Rh2 36. Rb4 Rxh5 37. Rc4 Kd7 38. Rd4+ Kc8 39. Kf4 Rh4+ 40. Kxf5 Rh5+ 41.
Kg6 Rxb5 42. f4 Ra5 43. f5 Rxa6 44. f6 b5 45. Kg7 Rxf6 46. Kxf6 Kb7 47. Ke5 a5 48.
Rh4 Kc6 49. Kd4 Kb6 50. Rxh6+ c6 51. c4 b4 52. Rh5 a4 53. Kd3 Ka6 54. Kc2 Kb6 55. Kd3 Ka6 56. Rg5 Kb6 57. Rf5 Ka6 58. Re5 Kb6 59. Re8 Kc5 60. Ra8 a3 61. Ra5+ Kb6 62. Ra4 Kc5 63. Ra8 Kb6 64. Kc2 c5 65. Kb3 Kc6 66. Ra6+ Kc7 67. Ra5 Kb6 68. Ra8 Kb7 69. Rd8 Kc7 70. Rd5 Kc6 71. Re5 Kd6 72. Rh5 Kc6 73. Rh6+ Kc7 74. Rg6 Kb7 75. Rf6 Kc7 76.
Re6 Kd7 77. Rh6 Kc7 78. Ka4 Kd7 79. Ra6 Kc7 80. Kb5 Kb7 81. Ra5 Kc7 82. Kxc5 b3 83.
Rxa3 b2 84. Rb3 b1=Q 85. Rxb1 Kd7 86. Kb4 Ke6 87. c5 1-0

[Event "Early-Titled-Tuesday-Blitz-April-02-2024"]
[Site "Chess.com"]
[Date "2024.04.02"]
[Round "8"]
[White "Zhani-Z"]
[Black "santosalberto1987"]
[Result "0-1"]
[WhiteElo "2325"]
[BlackElo "2490"]
[TimeControl "180+1"]
[EndTime "9:31:15 PDT"]
[Termination "santosalberto1987 won on time"]

1. e4 e6 2. d4 d5 3. Nd2 c5 4. Ngf3 cxd4 5. Nxd4 Nf6 6. exd5 Nxd5 7. N2f3 Be7 8. Bd3 O-O 9. O-O a6 10. c4 Nb4 11.
Be4 Qc7 12. a3 N4c6 13. Be3 Bf6 14. Nxc6 Nxc6 15. Qc2 g6 16. Rad1 Bd7 17. b4 Rfd8 18. Rd2 Be8 19. Rfd1 Rxd2 20. Rxd2 Rd8 21. h4 Rxd2 22.
Qxd2 Ne5 23. Nxe5 Bxe5 24. c5 Bc6 25. Bxc6 Qxc6 26. Bh6 Qd5 27. Qxd5 exd5 28. Kf1 f5 29. Ke2 Kf7 30. Kd3 Ke6 31. Be3 Kd7 32. a4 Kc6 33.
Bd4 Bc7 34. Ke3 Bd8 35. g3 Bc7 36. Kf3 Bb8 37. g4 h5 38. gxf5 gxf5 39. Bf6 a5 40. bxa5 Kxc5 41. Bd8 Kc4 42. Ke2 Kc3 43. Bf6+ d4 44.
Kd1 Kd3 45. Ke1 Ba7 46. Kd1 Bc5 47. Bd8 Ke4 48. Ke2 d3+ 49. Ke1 Bb4+ 50. Kd1 Kf3 51. Bb6 f4 52. Bc7 Kxf2 53. Bxf4 Kf3 54. Bg5 Bxa5 55.
Bf6 Ke4 56. Be7 Kd5 57. Kc1 Kc4 58. Kb2 d2 59. Kc2 Bb4 60. Bg5 Ba5 61. Be7 Kd4 62. Bg5 Ke4 63. Bh6 Kf3 64. Kd1 Kg4 65. Bg5 Bc3 66. Ke2 Be5 67. Be7 Bg3 68. Kxd2 Bxh4 69. Bc5 Bg3 70. Ke2 h4 71. Kf1 Kf3 72. Kg1 h3 73.
Kh1 Ke4 74. Bb6 Kd5 75. Bd8 Kc4 76. Bb6 Kb4 77. a5 Kb5 78. Bd8 Be1 79. Kh2 Bxa5 80. Be7 Bb4 81. Bd8 Ba5 82. Be7 Kc4 83. Kxh3 b5 84. Kg2 Bb4 85. Bd8 Bc3 86. Kf1 b4 87.
Be7 b3 88. Ba3 Kd3 89. Kf2 Kc2 90. Ke2 Bb4 0-1

[Event "Early-Titled-Tuesday-Blitz-April-02-2024"]
[Site "Chess.com"]
[Date "2024.04.02"]
[Round "8"]
[White "secrethawk1"]
[Black "IMRosen"]
[Result "1/2-1/2"]
[WhiteElo "2429"]
[BlackElo "2656"]
[TimeControl "180+1"]
[EndTime "9:31:48 PDT"]
[Termination "Game drawn - timeout vs insufficient material"]

1. d4 d5 2. Bf4 Nf6 3. e3 c5 4. c3 Nc6 5. Nd2 e6 6. Ngf3 cxd4 7. exd4 Nh5 8. Bg3 Bd6 9. Bxd6 Qxd6 10. g3 O-O 11. Bg2 b5 12. O-O Nf6 13. a3 a5 14.
b4 e5 15. dxe5 Nxe5 16. Re1 Nd3 17. Re3 Nxf2 18. Kxf2 Ng4+ 19. Ke2 Nxe3 20. Kxe3 Bg4 21. Kf2 Qb6+ 22. Kf1 Rfe8 23. h3 Bf5 24. Nd4 Be4 25.
Nxe4 dxe4 26. Kg1 Qc7 27. Qe1 axb4 28. cxb4 Qa7 29. Qe3 Rad8 30. Nf5 Qxe3+ 31. Nxe3 Rd3 32. Kf2 Rd2+ 33. Ke1 Rd3 34. Ke2 g6 35. g4 Rd4 36.
Rd1 Rxd1 37. Nxd1 Ra8 38. Bxe4 Rxa3 39. Bd3 Rb3 40. Bxb5 Rxb4 41. Bd3 Rb8 42. Ne3 Kg7 43. Kf3 Rb3 44. Bc4 Rc3 45. Bd5 Kf6 46. Kf2 Ra3 47. Bc4 Ra7 48. Bd5 Ke5 49. Bf3 Kf4 50. Nd5+ Ke5 51.
Ne3 Ra3 52. Nc4+ Kf4 53. Nxa3 Kg5 54. Nc2 Kh4 55. Kg2 h5 56. gxh5 gxh5 57. Ne3 Kg5 58.
Kg3 h4+ 59. Kf2 Kf4 60. Ng2+ Kg5 61. Ke3 f6 62. Nf4 Kf5 63. Bg4+ Ke5 64. Ng6+ Kd6 65. Nxh4 Ke5 66. Nf5 Ke6 67. h4 Kf7 68. h5 Kg8 69. Kd4 Kh7 70. Kd5 Kg8 71. Ke6 Kh7 72. Kxf6 Kh8 73.
Kg6 Kg8 74. Ne7+ Kh8 75. Nf5 Kg8 76. h6 Kh8 77. Ng7 Kg8 78. Nh5 Kh8 79. Kg5 Kg8 80.
Be6+ Kh7 81. Nf6+ Kh8 82. Ng4 Kh7 83. Bf5+ Kh8 84. Kg6 Kg8 85. Nf6+ Kh8 86. Nh5 Kg8 87. Nf4 Kh8 88. Kh5 Kg8 89. Ng6 Kh7 90. Nf8+ Kh8 91. Ne6 Kg8 92. h7+ Kh8 93. Ng5 Kg7 94. Ne4 Kh8 95. Nd6 Kg7 96. h8=Q+ Kxh8 97. Kh6 Kg8 98.
Be6+ Kf8 99. Nf5 Ke8 100. Kg7 Kd8 101. Kf6 Kc7 102. Ke5 Kc6 103. Bd5+ Kc5 104. Ne7 Kb4 105. Kd4 Kb5 106. Nc6 Kb6 107. Kc4 Kc7 108. Kc5 Kd7 109. Bf7 Kc7 110. Be6 Kb7 111. Kd6 Kb6 112. Nd4 Ka5 113. Kc5 Ka4 114. Nc2 Ka5 115. Bb3 Ka6 116. Kc6 Ka5 117. Kc5 Ka6 118. Bd5 Ka5 119. Bc6 Ka6 120. Nd4 Ka5 121. Nb3+ Ka6 122. Nd2 Ka5 123. Nc4+ Ka6 124. Bb5+ Kb7 125. Kd6 Kc8 126. Ke7 Kc7 127. Ke8 Kc8 128. Ne5 Kc7 129. Ke7 Kb6 130. Bd7 Kc5 131. Ke6 Kd4 132. Bc6 Kc5 133. Be4 Kd4 134. Nc6+ Kc5 1/2-1/2

[Event "Early-Titled-Tuesday-Blitz-April-02-2024"]
[Site "Chess.com"]
[Date "2024.04.02"]
[Round "8"]
[White "MyDream003"]
[Black "jcibarra"]
[Result "1/2-1/2"]
[WhiteElo "2841"]
[BlackElo "2972"]
[TimeControl "180+1"]
[EndTime "9:31:53 PDT"]
[Termination "Game drawn - insufficient material"]

1. e4 c5 2. Nf3 e6 3. d4 cxd4 4.
Nxd4 Bc5 5. Nb3 Bb6 6. Nc3 Ne7 7.
Bd3 O-O 8. Qe2 f5 9. e5 f4 10. Qg4 Nbc6 11. Bxf4 Bxf2+ 12. Kxf2 Nxe5 13. Qh4 Nxd3+ 14.
cxd3 e5 15. Nd5 Nxd5 16. Qxd8 Rxd8 17. Bxe5 d6 18. Bd4 Bf5 19. Rhd1 Nb4 20. Kg1 Nxd3 21. Rd2 a5 22. Bc3 a4 23. Nd4 Bg6 24. Ne6 Rd7 25.
Rad1 Re8 26. Ng5 Nf4 27. Rxd6 Rde7 28. Rd7 Ne2+ 29. Kf2 Nxc3 30. bxc3 Re2+ 31. Kg3 Rxa2 32. Rxb7 Rc2 33. Rdd7 Rxc3+ 34. Nf3 a3 35. Ra7 Kh8 36. Rxg7 a2 37. Rgd7 Bf5 38. Rf7 Bg6 39. Rfd7 Bb1 40. Kh4 Rc4+ 41. g4 Bf5 42. Rdb7 Rxg4+ 43. Kh5 Rf4 44.
Nh4 Bb1 45. Kg5 Rd4 46. Nf5 Rg8+ 47. Kf6 Bxf5 48. Kxf5 Rh4 49. Rxa2 Rf8+ 50. Ke5 Rh5+ 51. Kd4 Rh4+ 52. Ke3 Rh6 53. Rb4 Re6+ 54. Kd3 Rd8+ 55. Kc3 Rc6+ 56. Rc4 Rxc4+ 57. Kxc4 Kg7 58. Rg2+ Kh6 59.
Rg4 Kh5 60. Rf4 Kg5 61. Rf2 Kg4 62. Kc3 Kh3 63. Kc4 h5 64. Kc3 h4 65. Kc4 Rd1 66. Kc3 Rh1 67. Kd3 Rxh2 68. Rf8 Ra2 69. Rg8 Kh2 70.
Ke3 h3 71. Kf3 Kh1 72. Rg7 Rg2 73. Rh7 h2 74. Ra7 Rg1 75. Ra2 Rf1+ 76. Kg3 Rg1+ 77.
Kh3 Rb1 78. Rxh2+ Kg1 79. Rg2+ Kf1 80. Rg6 Rb4 81. Kg3 Rb2 82. Kf4 Kf2 83. Kg5 Kg3 84. Kf5+ Kf3 85. Ra6 Rb5+ 86. Ke6 Rb4 87. Ra3+ Ke4 88.
Ra1 Rb6+ 89. Kd7 Kd5 90. Rd1+ Ke5 91. Rh1 Rb7+ 92. Kc6 Rg7 93. Re1+ Kd4 94. Rh1 Rg6+ 95. Kb5 Rg2 96. Rd1+ Ke5 97. Rh1 Rg3 98. Kc4 Rf3 99.
Re1+ Kd6 100. Rh1 Rf4+ 101. Kd3 Rf8 102. Rh6+ Kd5 103. Rh5+ Kd6 104. Kd4 Rf4+ 105. Ke3 Rf6 106. Rh2 Kd5 107. Rh5+ Kc4 108. Rh4+ Kc3 109. Rh8 Re6+ 110. Kf4 Kd3 111. Rd8+ Ke2 112. Ra8 Re7 113. Ra2+ Kd3 114. Ra8 Rf7+ 115. Ke5 Rf1 116. Rd8+ Kc4 117. Ra8 Kc5 118. Rc8+ Kb6 119. Rc2 Rd1 120. Ke4 Kb5 121. Ke5 Kb4 122. Rc8 Rd2 123. Ke6 Rd3 124. Ke5 Rc3 125. Rxc3 Kxc3 1/2-1/2

[Event "Early-Titled-Tuesday-Blitz-April-02-2024"]
[Site "Chess.com"]
[Date "2024.04.02"]
[Round "9"]
[White "Sofia_Blokhin"]
[Black "KNVB"]
[Result "0-1"]
[WhiteElo "2290"]
[BlackElo "2772"]
[TimeControl "180+1"]
[EndTime "9:39:56 PDT"]
[Termination "KNVB won by resignation"]

1. d4 e5 2. dxe5 Nc6 3. Nf3 Qe7 4. Nc3 Nxe5 5. Nxe5 Qxe5 6. a3 Bc5 7. e3 Nf6 8. Bd3 d5 9. O-O Bg4 10. Be2 Bd7 11. Bd3 Ng4 12. h3 0-1

[Event "Early-Titled-Tuesday-Blitz-April-02-2024"]
[Site "Chess.com"]
[Date "2024.04.02"]
[Round "9"]
[White "stollenmonster"]
[Black "sonicdravise"]
[Result "1-0"]
[WhiteElo "2895"]
[BlackElo "2615"]
[TimeControl "180+1"]
[EndTime "9:40:37 PDT"]
[Termination "stollenmonster won by resignation"]

1. e4 c5 2. Nf3 Nc6 3. Nc3 d6 4. d4 cxd4 5. Nxd4 Nf6 6. g3 g6 7. Nde2 Bg7 8. Bg2 O-O 9. h3 Rb8 10. a4 b6 11. O-O Bb7 12. Nd5 Nxd5 13. exd5 Ne5 14. Ra2 Rc8 15. b3 Rc7 16. c4 Qa8 17.
Nd4 Rfc8 18. Re2 a6 19. f4 Nxc4 20. bxc4 Rxc4 21. Nc6 Bxc6 22. dxc6 Rd4 23. Qb3 Bf6 24.
Be3 1-0

[Event "Early-Titled-Tuesday-Blitz-April-02-2024"]
[Site "Chess.com"]
[Date "2024.04.02"]
[Round "9"]
[White "MNyuyu"]
[Black "MikeWizard"]
[Result "1-0"]
[WhiteElo "2393"]
[BlackElo "2190"]
[TimeControl "180+1"]
[EndTime "9:41:04 PDT"]
[Termination "MNyuyu won by resignation"]

1. d4 Nf6 2. Nf3 g6 3. Bf4 Bg7 4.
e3 d6 5. h3 O-O 6. Be2 Nbd7 7.
O-O Re8 8. c3 e5 9. dxe5 dxe5 10. Bh2 c6 11. Nbd2 b6 12. Nc4 Nd5 13. Nd6 Re6 14.
Nxc8 Rxc8 15. Bc4 Rd6 16. e4 Ne3 17. Qxd6 Nxc4 18. Qd3 Nxb2 19. Qc2 Nc4 20. Rad1 Qe7 21. Qd3 b5 22. Qxd7 1-0

[Event "Early-Titled-Tuesday-Blitz-April-02-2024"]
[Site "Chess.com"]
[Date "2024.04.02"]
[Round "9"]
[White "zurzan"]
[Black "Mazarini41"]
[Result "1-0"]
[WhiteElo "2087"]
[BlackElo "2411"]
[TimeControl "180+1"]
[EndTime "9:41:06 PDT"]
[Termination "zurzan won by resignation"]

1. c4 Nf6 2. g3 c5 3. Bg2 b5 4. Bxa8 bxc4 5. Bg2 d5 6. Nf3 Nc6 7. O-O g6 8. b3 Bg7 9. Bb2 cxb3 10. axb3 O-O 11.
Na3 Nb4 12. Nc2 a5 13. Nxb4 axb4 14. d3 Re8 15. Be5 e6 16. e4 d4 17. Qc2 Qb6 18.
Rfc1 Nd7 19. Bxg7 Kxg7 20. e5 Ba6 21. h4 Qc7 22. Rxa6 1-0

[Event "Early-Titled-Tuesday-Blitz-April-02-2024"]
[Site "Chess.com"]
[Date "2024.04.02"]
[Round "9"]
[White "Jospem"]
[Black "BardArtem"]
[Result "1-0"]
[WhiteElo "3051"]
[BlackElo "2850"]
[TimeControl "180+1"]
[EndTime "9:41:09 PDT"]
[Termination "Jospem won by resignation"]

1. e4 d5 2. exd5 Qxd5 3. Nc3 Qe5+ 4. Be2 Bg4 5. d4 Bxe2 6. Ngxe2 Qa5 7. Qd3 Nf6 8. O-O e6 9. Bd2 Qf5 10. Qxf5 exf5 11.
Rfe1 Kd7 12. Bg5 Be7 13. Ng3 h6 14. Nxf5 Bd8 15. Bxf6 Bxf6 16. Ne4 Nc6 17. Nc5+ Kc8 18. c3 b6 19. Ne4 Kd7 20. f4 Rag8 21. Nxf6+ gxf6 22.
d5 Na5 23. Re7+ Kc8 24. Rxf7 Rf8 25. Rxf8+ Rxf8 26. b3 1-0

[Event "Early-Titled-Tuesday-Blitz-April-02-2024"]
[Site "Chess.com"]
[Date "2024.04.02"]
[Round "9"]
[White "LileKoridze"]
[Black "lcmil"]
[Result "0-1"]
[WhiteElo "2403"]
[BlackElo "2299"]
[TimeControl "180+1"]
[EndTime "9:41:12 PDT"]
[Termination "lcmil won by resignation"]

1. d4 Nf6 2. c4 g6 3. Nc3 Bg7 4.
e4 d6 5. Nf3 O-O 6. Be2 e5 7.
d5 Nbd7 8. O-O Nc5 9. Nd2 a5 10. a3 a4 11. Rb1 Bd7 12. Qc2 c6 13. Bd3 cxd5 14. Nxd5 Nxd5 15. exd5 f5 16. f3 Qh4 17. Kh1 e4 18. fxe4 fxe4 19. Rxf8+ Rxf8 20. Bf1 Qe1 21. h3 Be5 22. Kg1 Qf2+ 23. Kh1 Qxf1+ 0-1

[Event "Early-Titled-Tuesday-Blitz-April-02-2024"]
[Site "Chess.com"]
[Date "2024.04.02"]
[Round "9"]
[White "Refrigerator1955"]
[Black "Caracal3000"]
[Result "0-1"]
[WhiteElo "1999"]
[BlackElo "2542"]
[TimeControl "180+1"]
[EndTime "9:41:39 PDT"]
[Termination "Caracal3000 won by resignation"]

1. e4 c5 2. Nf3 e6 3. Nc3 Nc6 4.
g3 g6 5. Bg2 Bg7 6. O-O Nge7 7.
d3 O-O 8. Be3 d6 9. Nh4 e5 10. f4 f5 11. exf5 Nxf5 12. Nxf5 Bxf5 13. Nd5 exf4 14. Bxf4 Bxb2 15. Rb1 Bd4+ 16. Kh1 Qd7 17. Bh6 Bg7 18. Bxg7 Qxg7 19. Qd2 Rae8 20. c3 c4 21. dxc4 Bxb1 0-1

[Event "Early-Titled-Tuesday-Blitz-April-02-2024"]
[Site "Chess.com"]
[Date "2024.04.02"]
[Round "9"]
[White "ragnaroek66"]
[Black "Yan_Dyomin2010"]
[Result "0-1"]
[WhiteElo "2517"]
[BlackElo "2704"]
[TimeControl "180+1"]
[EndTime "9:41:48 PDT"]
[Termination "Yan_Dyomin2010 won on time"]

1. d4 Nf6 2. c4 g6 3. Nc3 d5 4. cxd5 Nxd5 5. e4 Nxc3 6. bxc3 Bg7 7. Nf3 c5 8. Bb5+ Bd7 9. Be2 O-O 10. O-O cxd4 0-1

[Event "Early-Titled-Tuesday-Blitz-April-02-2024"]
[Site "Chess.com"]
[Date "2024.04.02"]
[Round "9"]
[White "ChristianArca"]
[Black "Let_it_be_1"]
[Result "1-0"]
[WhiteElo "2669"]
[BlackElo "2556"]
[TimeControl "180+1"]
[EndTime "9:41:50 PDT"]
[Termination "ChristianArca won by resignation"]

1. d4 d5 2. Bf4 e6 3. e3 Bd6 4. Nf3 Bxf4 5. exf4 Ne7 6. Bd3 b6 7. O-O Ba6 8. Bxa6 Nxa6 9. c3 O-O 10.
Nbd2 c5 11. Re1 Nb8 12. a4 Nbc6 13. Nb3 Qd6 14. Qd2 cxd4 15. Nbxd4 Nxd4 16. Nxd4 Rac8 17. a5 Nc6 18. axb6 axb6 19. Ra6 Na5 20. g3 h6 21. Ra1 Rfe8 22. R1xa5 e5 23. fxe5 Rxe5 24. Ra8 1-0